Map: Sanctuary III LE

Players

Rosebud - Winner!

  • Race: Protoss Protoss

mautzedune

  • Race: Terran Terran

VOD

Have the link to the VOD?

Description

Time

  • Played on: Aug. 22, 2026, 12:39 p.m.
  • Length: 6:42
Show
View Real Time Build Order
Export as new Build Order

Rosebud Protoss - Winner!

Build Orders:  

Get SALT Encoding   

  8  0:00  Probe  
  9  0:12  Probe (Chrono Boost)  
  10  0:24  Probe (Chrono Boost)  
  11  0:29  Probe (Chrono Boost)  
  12  0:42  Pylon  
  12  0:45  Probe  
  13  1:00  Probe  
  13  1:02  Gateway  
  14  1:08  Assimilator  
  14  1:12  Probe  
  15  1:24  Probe  
  16  1:26  Gateway  
  16  1:36  Probe  
  17  1:43  Pylon  
  17  1:51  Cybernetics Core  
  17  1:53  Probe  
  18  2:05  Probe  
  19  2:09  Assimilator  
  19  2:17  Probe  
  20  2:28  Pylon  
  20  2:29  Probe  
  21  2:32  Stalker  
  21  2:34  Stalker  
  21  2:35  Warp Gate (Chrono Boost)  
  25  2:56  Probe  
  26  2:59  Stalker  
  26  3:02  Stalker  
  30  3:11  Probe  
  31  3:23  Probe  
  32  3:31  Pylon  
  32  3:36  Probe  
  33  3:48  Probe  
  34  4:00  Probe  
  35  4:12  Probe  
  36  4:25  Probe  
  37  4:37  Probe  
  38  4:44  Nexus  
  38  4:48  Gateway  
  38  4:49  Probe  
  38  4:50  Gateway  
  39  4:54  Forge  
  39  4:58  Assimilator  
  39  5:00  Stalker  
  39  5:01  Stalker, Probe  
  39  5:02  Assimilator  
  44  5:11  Robotics Facility  
  44  5:13  Probe  
  45  5:49  Pylon  
  45  5:56  Stalker x2, Probe  
  50  6:08  Probe  
  49  6:20  Probe  
Show
View Real Time Build Order
Export as new Build Order

mautzedune Terran 

Build Orders:  

Get SALT Encoding   

  8  0:36  Refinery  
  8  0:41  SCV  
  9  0:53  SCV  
  10  1:05  SCV  
  11  1:15  Supply Depot  
  11  1:20  SCV  
  12  1:32  SCV  
  13  1:42  Barracks  
  13  1:44  SCV  
  14  1:56  SCV  
  15  2:08  SCV  
  16  2:20  SCV  
  17  2:23  Refinery  
  17  2:31  Supply Depot  
  17  2:33  SCV, Barracks Tech Lab  
  18  2:45  SCV  
  19  2:54  Marauder, Supply Depot  
  19  2:57  SCV  
  22  3:09  SCV  
  23  3:15  Reaper  
  24  3:25  Supply Depot  
  24  3:37  SCV  
  23  3:49  SCV  
  23  3:50  Marauder  
  25  4:01  SCV  
  24  4:11  Reaper  
  24  4:13  SCV  
  12  4:45  Marauder  
  13  4:55  Ghost Academy  
  13  5:02  Orbital Command  
  13  5:06  Reaper  
  14  5:29  SCV  
  15  5:40  Marauder  
  15  5:41  SCV  
  13  5:53  SCV  
  9  6:02  Marauder  
Tags
 
Add a new tag
Caveats
  • Supply blocks, unpowered buildings, or Contaminate may cause inaccurate times.
  • Supply counts are checked every 10 seconds.